 Dungeon Crawl Stone Soup version 0.30-a0-46-g5a63ccc183 (webtiles) character file.

Game seed: 14702008145043406119

53 LnG the Trooper (level 3, 0/33 HPs)
             Began as a Hill Orc Fighter on Sept 1, 2022.
             Slain by Jessica
             ... wielding a +0 club
              (2 damage)
             ... on level 2 of the Dungeon.
             The game lasted 00:05:19 (1622 turns).

LnG the Trooper (Hill Orc Fighter)                  Turns: 1622, Time: 00:05:20

Health: 0/33       AC:  9    Str: 20    XL:     3   Next: 89%
Magic:  3/3        EV:  9    Int:  8    God:
Gold:   83         SH:  4    Dex: 10    Spells: 2/2 levels left

rFire   . . .      SeeInvis .    a - +0 war axe
rCold   . . .      Faith    .    c - +0 buckler
rNeg    . . .      Spirit   .    b - +0 scale mail
rPois   +          Reflect  .    h - +0 helmet
rElec   .          Harm     .    (no cloak)
rCorr   .          Rampage  .    l - +0 pair of gloves
Will    .....                    (no boots)
Stlth   ..........               (no amulet)
HPRegen 0.11/turn                e - ring of poison resistance
MPRegen 0.08/turn                (no ring)

@: no status effects
A: no striking features
a: no special abilities


You were on level 2 of the Dungeon.
You visited 1 branch of the dungeon, and saw 3 of its levels.

You collected 83 gold pieces.

Inventory:

Hand Weapons
 a - a +0 war axe (weapon)
Missiles
 k - 3 boomerangs (quivered)
Armour
 b - a +0 scale mail (worn)
 c - a +0 buckler (worn)
 h - a +0 helmet (worn)
 l - a +0 pair of gloves (worn)
Jewellery
 e - a ring of poison resistance (left hand)
Scrolls
 n - a scroll of identify {unknown}
 o - a scroll of torment {unknown}
 p - 2 scrolls of fear {unknown}
 q - a scroll of amnesia
Potions
 d - 2 potions of might
 f - 2 potions of brilliance {unknown}
 g - 2 potions of heal wounds {unknown}
 i - 3 potions of curing {unknown}
 j - a potion of lignification {unknown}
 m - a potion of resistance {unknown}


   Skills:
 + Level 4.3 Fighting
 + Level 4.0 Axes
 + Level 3.7 Armour
 + Level 0.1 Dodging
 + Level 3.5 Shields


You had 2 spell levels left.
You didn't know any spells.
Your spell library contained the following spells:

 Spells                   Type           Power      Damage    Failure   Level
 Sublimation of Blood     Necr           0%         N/A       94%         2
 Petrify                  Tmut/Erth      0%         N/A       100%        4
 Irradiate                Conj/Tmut      0%         3d11      100%        5


Dungeon Overview and Level Annotations

Branches:
Dungeon (3/15)

Altars:

Annotations:
D:2 Jessica


Message History

You slash the quokka!
You kill the quokka!
Your Axes skill increases to level 4!
No target in view!
No target in view!
q - a scroll of amnesia
p - 2 scrolls labelled PAUSIW PEUNIE (gained 1) Jessica the Apprentice Sorceress comes into view.
She is wielding a +0 club and carrying a wand of flame (14).
Jessica shouts!
Jessica zaps a wand.
The puff of flame hits you!
You closely miss Jessica. Jessica casts a spell at you.
Pain shoots through your body! Jessica hits you with a +0 club!
You are too injured to fight recklessly!
You are too injured to fight recklessly!
You are too injured to fight recklessly!
You are too injured to fight recklessly!
You are too injured to fight recklessly!
You are too injured to fight recklessly!
You are too injured to fight recklessly!
You hit Jessica.
Jessica is heavily wounded.
Jessica barely misses you.
You barely miss Jessica.
Jessica is heavily wounded.
Jessica hits you but does no damage.
You barely miss Jessica.
Jessica is heavily wounded.
Jessica points at you and mumbles some strange words.
You barely resist.
Jessica zaps a wand.
The puff of flame hits you!
* * * LOW HITPOINT WARNING * * *
You barely miss Jessica.
Jessica is heavily wounded.
Jessica hits you with a +0 club.
* * * LOW HITPOINT WARNING * * *
You closely miss Jessica.
Jessica is heavily wounded.
Jessica mumbles something strange.
Jessica hits you with a +0 club.
You die...

.##.#.##.#.#.#.##.##
.............#....##
.##.###.##.#.#.##..##
..............
#...###### .##
#.###.##.#.##.#......#
#. #. #.#.##.#......#
.... .(.#......#
......#####......#
......@@........#
....######......# .
#......# #......#
#......# #......#
########


You could see Jessica.

Vanquished Creatures
  An adder (D:2)
  A worm (D:2)
  A bat (D:2)
  4 endoplasms
  2 giant cockroaches
  3 hobgoblins
  9 jackals (D:1)
  A quokka (D:2)
  3 ball pythons
  A frilled lizard (D:1)
  2 goblins (D:1)
  4 kobolds
  4 rats
36 creatures vanquished.

Notes
Turn   | Place    | Note
-------+----------+-------------------------------------------
     0 | D:1      | LnG the Hill Orc Fighter began the quest for the Orb.
     0 | D:1      | Reached XP level 1. HP: 19/19 MP: 1/1
   265 | D:1      | Reached XP level 2. HP: 25/27 MP: 2/2
   768 | D:1      | Reached XP level 3. HP: 33/33 MP: 3/3
  1528 | D:2      | Found a faded altar of an unknown god.
  1614 | D:2      | Noticed Jessica
  1622 | D:2      | Slain by Jessica

Illustrated notes

Levels and vault maps discovered:
D:1:      dpeg_arrival_tiny_a, layout_basic
D:2:      layout_rooms, ebering_ecumenical_altar_sacrificial, basic_altar,
          minmay_diced_spiral, uniq_jessica
D:3:      layout_basic, nicolae_tso_besieged_by_evil, minmay_misc_feat_enclosed,
          hangedman_feature_mirror, minmay_splitting_lines

Skill      XL: |  1  2  3 |
---------------+----------+-----
Fighting       | 4 |  4.3
Axes           | 3 4 |  4.0
Armour         | |  3.7
Dodging        | |  0.1
Shields        | |  3.5

Action                   || total
-------------------------++-------
Melee: War axe           ||   110
  Use: Scroll            ||     3
Armor: Scale mail        ||    59
Dodge: Dodged            ||    53
Block: Buckler           ||    15

Table legend: (Time is in decaauts)
 A = Elapsed time spent in this place.
 B = Non-inter-level travel time spent in this place.
 C = Inter-level travel time spent in this place.
 D = Time resting spent in this place.
 E = Time spent auto-exploring this place.
 F = Levels seen in this place.
 G = Mean time per level.
                   A        B        C        D        E       F      G
               +--------+--------+--------+--------+--------+-----+--------+
         Total |   1663 |   1464 |    199 |     39 |    927 |   3 |  554.3 |
       Dungeon |   1663 |   1464 |    199 |     39 |    927 |   3 |  554.3 |
               +--------+--------+--------+--------+--------+-----+--------+

Top non-repeatable levels by time:
     D:1: 1184 daAuts
     D:2: 461 daAuts
     D:3: 17 daAuts
